 Dungeon Crawl Stone Soup version 0.18-a0-1203-gbde16db (webtiles) character file.

42765 Gagarin the Cleaver (level 14, -4/127 HPs)
             Began as a Hill Orc Fighter on Feb 1, 2016.
             Was the Champion of Beogh.
             Slain by a hornet (7 damage)
             ... on level 8 of the Lair of Beasts.
             The game lasted 02:34:20 (22876 turns).

Gagarin the Cleaver (Hill Orc Fighter)             Turns: 22876, Time: 02:34:21

Health: -4/127     AC: 19    Str: 20    XL:     14   Next: 21%
Magic:  0/29       EV: 13    Int: 12    God:    Beogh [******]
Gold:   1121       SH:  7    Dex: 10    Spells: 3 memorised, 13 levels left

rFire  . . .     SeeInvis .     I - +9 war axe
rCold  . . .     Gourm    .     f - +2 scale mail {rPois}
rNeg   + . .     Faith    .     d - +0 buckler
rPois  +         Spirit   +     l - +0 hat {MR+}
rElec  .         Dismiss  .     r - +2 cloak
rCorr  .         Reflect  .     U - +0 pair of gloves
SustAt .         Harm     .     H - +0 pair of boots
MR     ++...                    j - amulet of guardian spirit
Stlth  +.........               x - ring of magical power
                                w - ring of positive energy

@: slowed, very slow, very resistant to hostile enchantments, very unstealthy
A: walk on water
a: Smiting, Recall Orcish Followers, Give Item to Named Follower, Renounce
Religion


You were on level 8 of the Lair of Beasts.
You worshipped Beogh.
Beogh was exalted by your worship.
You were not hungry.

You visited 3 branches of the dungeon, and saw 21 of its levels.

You collected 1121 gold pieces.

Inventory:

Hand Weapons
 I - a +9 war axe (weapon)
 X - a +5 falchion of flaming
Missiles
 D - 21 tomahawks (quivered)
Armour
 a - a +0 chain mail of poison resistance
 b - a +0 pair of gloves
 d - a +0 buckler (worn)
 f - a +2 scale mail of poison resistance (worn)
 l - a +0 hat of magic resistance (worn)
 r - a +2 cloak (worn)
 H - a +0 pair of boots (worn)
 U - a +0 pair of gloves (worn)
Jewellery
 j - an amulet of guardian spirit (around neck)
 u - an uncursed ring of protection from cold {unknown}
 w - a ring of positive energy (left hand)
 x - a ring of magical power (right hand)
 F - an uncursed amulet of magic regeneration {unknown}
Wands
 o - a wand of flame (17/48)
 s - a wand of draining (6/15)
 V - a wand of confusion (36/48)
Scrolls
 e - 2 scrolls of identify
 g - 6 scrolls of fog
 m - 2 scrolls of remove curse
 n - 4 scrolls of magic mapping
 C - 2 scrolls of blinking
 L - 3 scrolls of teleportation
 P - a scroll of fear
 T - 2 scrolls of silence
Potions
 h - a potion of invisibility
 q - 3 potions of brilliance
 v - 3 potions of curing
 A - 2 potions of flight
 E - a potion of resistance
 O - 2 potions of mutation {unknown}
 S - a potion of agility {unknown}
 Y - a potion of experience {unknown}
 Z - 3 potions of haste
Comestibles
 c - a chunk of flesh
 i - 16 fruits


   Skills:
 + Level 12.8 Fighting
 + Level 6.2 Long Blades
 + Level 13.2 Axes
   Level 0.3(0.4) Slings
 + Level 0.1(0.3) Throwing
 + Level 12.1 Armour
 + Level 7.9 Dodging
 - Level 2.3 Stealth
 + Level 11.1 Shields
 * Level 4.3 Spellcasting
 - Level 0.6 Summonings
 - Level 0.5 Translocations
 + Level 2.5 Invocations


You had 13 spell levels left.
You knew the following spells:

 Your Spells              Type           Power        Failure   Level  Hunger
a - Recall                Summ/Tloc      N/A          94%         3    ###....
b - Animate Dead          Necr           N/A          100%        4    ####...
c - Corona                Hex            #......      52%         1    None


Dungeon Overview and Level Annotations

Branches:
Dungeon (12/15)            Temple (0/1) D:7            Lair (8/8) D:10
  Swamp (1/4) Lair:5        Snake (0/4) Lair:6        Slime (0/6) Lair:7
    Orc: D:9-12

Altars:
Ashenzari
Dithmenos
Fedhas
Makhleb
Okawaru
Pakellas
Qazlal
Vehumet
Yredelemnul
Jiyva

Shops:
D:9 (

Annotations:
D:8 Erolcha


Message History

* * * LOW HITPOINT WARNING * * *
You block the wolf spider's attack.
The spiny frog stings you but does no damage.
Your orc priest hits the spiny frog with a morningstar!
Press: ? - help, v - describe, . - travel
Here: an orc priest, wielding a morningstar (friendly)
The floor.
That item cannot be evoked!
Evoke which item? (* to show all) (? for menu, Esc to quit)
Zapping:
V - a wand of confusion (will waste charges)
Press: ? - help, Shift-Dir - straight line, f - wolf spider
Aim: a wolf spider (clinging, chance to defeat MR: 46%)
The wolf spider appears confused.
Evoking this partially-identified wand wasted a few charges.
The spiny frog stings you!
* * * LOW HITPOINT WARNING * * *
The wolf spider completely misses the hornet.
The wolf spider bites the hornet but does no damage.
The hornet stings you!
You die...

..#.....
##...##....##...##.
##...#....#...##..
##..##..##...
#..#(.##....
####†##.....
###.)#....#
##.).)$!.#
...####....#.###
......F@†P.###
.....)yo.P.#
...####s...# .#
##..## ####


You could see a wolf spider (confused), a hornet, a spiny frog and a friendly
orc priest.

Vanquished Creatures
  Nessos (Lair:6)
  6 hydras
  A centaur warrior (D:12)
  A queen ant (Lair:7)
  A death yak (Lair:3)
  The ghost of Duffy the Cleaver, a novice MiFi of Cheibriados (D:5)
  2 hill giants
  2 hornets (Lair:8)
  4 black mambas
  7 spiny frogs
  A komodo dragon (Lair:7)
  A troll (D:10)
  A slime creature (D:11)
  Grinder (D:3)
  A blink frog (Lair:4)
  A bog body (Swamp:1)
  3 wyverns
  Sigmund (D:4)
  5 yaks
  2 hogs (Lair:5)
  5 vampire mosquitoes
  2 hippogriffs
  Menkaure (D:6)
  A basilisk (Lair:7)
  7 wolves
  18 soldier ants (Lair:7)
  3 swamp worms (Swamp:1)
  9 water moccasins
  Duvessa (D:6)
  6 porcupines
  A swamp drake (Swamp:1)
  3 black bears
  2 wasps (Lair:8)
  3 orc warriors
  A phantom (D:5)
  4 sky beasts
  2 ogres
  2 eyes of draining
  A centaur (D:7)
  A crocodile (Lair:7)
  2 big kobolds
  4 giant frogs
  Dowan (D:6)
  5 killer bees
  2 scorpions
  The ghost of Feta the Firebug, a weakling HOFE (D:3)
  3 wights (D:7)
  An electric eel (Lair:4)
  4 crimson imps
  2 giant frog zombies
  A centaur zombie (D:6)
  3 hounds
  7 jellies
  A centaur skeleton (D:4)
  5 orc priests
  4 giant frog skeletons
  7 orc wizards
  An iguana (D:4)
  25 worker ants
  7 sheep
  A hound skeleton (D:6)
  2 gnolls
  13 adders
  20 river rats
  3 shadow imps
  4 oozes
  3 adder skeletons
  5 worms
  5 giant geckos
  31 orcs
  8 giant cockroaches
  13 hobgoblins
  11 jackals
  11 kobolds
  A quokka (D:8)
  11 bats
  5 giant newts
  8 goblins
  A jackal zombie (D:7)
  A quokka skeleton (D:5)
  10 rats
  5 fungi
374 creatures vanquished.

Vanquished Creatures (collateral kills)
  Gastronok (Lair:1)
  Kirke (Lair:5)
  An orc warlord (Swamp:1)
  3 hydras
  Erica (Lair:1)
  4 death yaks (Lair:3)
  A deep elf knight (D:12)
  Nergalle (Lair:1)
  A fire crab (D:12)
  A skeletal warrior (D:12)
  An unseen horror (D:11)
  2 swamp dragons (Swamp:1)
  2 hill giants
  A hornet (Swamp:1)
  A guardian serpent (Lair:8)
  A black mamba (Lair:6)
  2 centaur zombies
  6 spiny frogs
  3 komodo dragons
  A tengu conjurer (D:12)
  A troll (D:10)
  2 two-headed ogres
  2 bog bodies (Swamp:1)
  A merfolk (shapeshifter) (D:12)
  2 blink frogs (Lair:4)
  19 yaks
  A centaur simulacrum (D:12)
  A wyvern (Lair:3)
  2 hippogriffs
  2 hogs (Lair:5)
  8 vampire mosquitoes (Swamp:1)
  A hungry ghost (D:9)
  5 nagas (Lair:6)
  3 wolves (Lair:3)
  2 water moccasins
  6 porcupines
  An orc warrior (D:11)
  A sky beast (D:11)
  2 black bears
  2 ice beasts
  A wasp (D:12)
  An ogre (D:9)
  3 centaurs (D:10)
  10 crocodiles
  2 big kobolds (D:8)
  11 giant frogs
  A water moccasin skeleton (D:9)
  2 scorpions
  11 killer bees
  A crimson imp (D:12)
  A centaur skeleton (D:9)
  2 jellies
  An orc wizard (D:7)
  6 iguanas
  2 worker ants (D:10)
  3 sheep (Lair:5)
  2 gnolls (D:7)
  4 adders
  18 river rats
  10 oozes (D:11)
  A giant gecko (D:8)
  4 orcs
  A kobold (D:8)
  2 quokkas (D:8)
  6 fungi
  A plant (D:8)
206 creatures vanquished.

Vanquished Creatures (others)
  3 orc knights
  2 orc warriors
  2 soldier ants (Lair:7)
  4 orc priests
  An orc wizard (D:11)
  17 orcs
  12 fungi
  4 plants
45 creatures vanquished.

Grand Total: 625 creatures vanquished

Notes
Turn   | Place    | Note
--------------------------------------------------------------
     0 | D:1      | Gagarin the Hill Orc Fighter began the quest for the Orb.
     0 | D:1      | Reached XP level 1. HP: 19/19 MP: 1/1
    62 | D:1      | Reached XP level 2. HP: 22/27 MP: 2/2
   296 | D:1      | Reached XP level 3. HP: 31/33 MP: 3/3
   648 | D:2      | Reached skill level 4 in Armour
   833 | D:2      | Found a stormy altar of Qazlal.
   864 | D:2      | Found a blossoming altar of Fedhas.
  1013 | D:2      | Reached XP level 4. HP: 31/40 MP: 4/4
  1095 | D:2      | Reached skill level 1 in Dodging
  1799 | D:3      | Noticed Feta's ghost (weakling HOFE)
  1868 | D:3      | Killed Feta's ghost
  1868 | D:3      | Reached XP level 5. HP: 36/46 MP: 3/5
  2261 | D:3      | Became a worshipper of Beogh the Brigand
  2434 | D:3      | Noticed Grinder
  2434 | D:3      | Paralysed by Grinder for 7 turns
  2446 | D:3      | Paralysed by Grinder for 3 turns
  2474 | D:3      | Paralysed by Grinder for 7 turns
  2477 | D:3      | HP: 2/47 [Grinder/nerve-wracking pain (3)]
  2827 | D:3      | Paralysed by Grinder for 7 turns
  2840 | D:3      | Paralysed by Grinder for 7 turns
  2849 | D:3      | Paralysed by Grinder for 5 turns
  2855 | D:3      | Paralysed by Grinder for 7 turns
  2886 | D:3      | Paralysed by Grinder for 7 turns
  2897 | D:3      | Paralysed by Grinder for 7 turns
  2912 | D:3      | Killed Grinder
  2912 | D:3      | Reached skill level 5 in Armour
  2912 | D:3      | Reached XP level 6. HP: 33/55 MP: 1/6
  3341 | D:4      | Reached XP level 7. HP: 60/60 MP: 7/7
  3367 | D:4      | Found a basalt altar of Yredelemnul.
  3385 | D:4      | Reached skill level 5 in Shields
  3525 | D:4      | Reached skill level 5 in Fighting
  3806 | D:4      | Noticed Sigmund
  3824 | D:4      | Killed Sigmund
  3928 | D:4      | Reached * piety under Beogh
  4168 | D:4      | Found a radiant altar of Vehumet.
  4170 | D:4      | Found an oddly glowing altar of Pakellas.
  4291 | D:5      | Entered Level 5 of the Dungeon
  4291 | D:5      | Noticed Duffy's ghost (novice MiFi)
  4396 | D:5      | Reached skill level 6 in Armour
  4396 | D:5      | Reached XP level 8. HP: 25/68 MP: 6/8
  5152 | D:4      | Reached ** piety under Beogh
  5975 | D:6      | Noticed Dowan
  6116 | D:5      | Killed Duffy's ghost
  6116 | D:5      | Reached skill level 5 in Long Blades
  6116 | D:5      | Reached skill level 1 in Stealth
  6116 | D:5      | Reached skill level 1 in Invocations
  6320 | D:6      | Reached XP level 9. HP: 34/75 MP: 6/9
  6492 | D:6      | Reached skill level 7 in Armour
  6544 | D:6      | Reached skill level 1 in Axes
  7077 | D:6      | Noticed Duvessa
  7102 | D:6      | Killed Dowan
  7127 | D:6      | Killed Duvessa
  7196 | D:6      | Noticed Menkaure
  7203 | D:6      | Killed Menkaure
  7664 | D:7      | Found an iron altar of Okawaru.
  7936 | D:7      | Reached *** piety under Beogh
  8095 | D:7      | Found a staircase to the Ecumenical Temple.
  8189 | D:7      | Reached skill level 8 in Shields
  8189 | D:7      | Reached XP level 10. HP: 86/86 MP: 10/10
  8980 | D:8      | Noticed a three-headed hydra
  8990 | D:8      | Killed a one-headed hydra
  8990 | D:8      | Reached skill level 5 in Axes
  9337 | D:8      | Found a shattered altar of Ashenzari.
  9341 | D:8      | Found a shadowy altar of Dithmenos.
  9346 | D:8      | Found a burning altar of Makhleb.
  9485 | D:8      | Noticed Erolcha
  9885 | D:9      | Found Redoist's Antique Weapon Shoppe.
  9893 | D:9      | Reached skill level 5 in Dodging
 10520 | D:9      | You fall through a shaft for 3 floors!
 10565 | D:12     | Noticed a centaur warrior
 10574 | D:12     | Reached **** piety under Beogh
 10578 | D:12     | Killed a centaur warrior
 10578 | D:12     | Reached skill level 9 in Shields
 10820 | D:12     | Noticed a hill giant
 10827 | D:12     | Killed a hill giant
 10832 | D:12     | Reached XP level 11. HP: 65/97 MP: 8/11
 10840 | D:12     | Noticed a fire crab
 10840 | D:12     | Noticed a death drake
 10840 | D:12     | Noticed a skeletal warrior
 10841 | D:12     | a death drake changed into a merfolk
 10843 | D:12     | Killed a fire crab
 10859 | D:12     | Killed a skeletal warrior
 11284 | D:12     | Noticed a deep elf knight
 11290 | D:12     | Killed a deep elf knight
 12042 | D:11     | Gained Thorok as an ally
 12337 | D:11     | Noticed a hill giant
 12354 | D:11     | Killed a hill giant
 12354 | D:11     | Reached skill level 10 in Fighting
 12354 | D:11     | Reached skill level 10 in Armour
 12419 | D:11     | Killed an unseen horror
 12454 | D:10     | Entered Level 10 of the Dungeon
 13268 | D:10     | Noticed a hill giant
 13274 | D:10     | Killed a hill giant
 13412 | D:10     | Gained Learuk as an ally
 13427 | D:10     | Reached ***** piety under Beogh
 13507 | D:10     | Learned a level 3 spell: Recall
 13512 | D:10     | Learned a level 4 spell: Animate Dead
 13699 | D:10     | Noticed a hill giant
 13709 | D:10     | Killed a hill giant
 13936 | D:10     | Found a staircase to the Lair.
 13965 | Lair:1   | Entered Level 1 of the Lair of Beasts
 14064 | Lair:1   | Reached XP level 12. HP: 107/107 MP: 13/13
 14337 | Lair:1   | Noticed Gastronok
 14340 | Lair:1   | Noticed Nergalle
 14350 | Lair:1   | Killed Gastronok
 14353 | Lair:1   | Killed Nergalle
 14649 | Lair:1   | Noticed Erica
 14658 | Lair:1   | Killed Erica
 14658 | Lair:1   | Reached skill level 11 in Fighting
 15064 | Lair:2   | Reached skill level 10 in Shields
 15201 | Lair:2   | Reached skill level 10 in Axes
 15385 | Lair:2   | Got a scorched dagger
 16180 | Lair:3   | Noticed a death yak
 16181 | Lair:3   | Noticed a death yak
 16181 | Lair:3   | Noticed a death yak
 16182 | Lair:3   | Noticed a death yak
 16184 | Lair:3   | Noticed a death yak
 16188 | Lair:3   | Killed a death yak
 16192 | Lair:3   | Killed a death yak
 16195 | Lair:3   | Killed a death yak
 16196 | Lair:3   | Killed a death yak
 16199 | Lair:3   | Killed a death yak
 17203 | Lair:4   | Reached skill level 1 in Spellcasting
 17976 | Lair:5   | Noticed a four-headed hydra
 17983 | Lair:5   | Killed a three-headed hydra
 18081 | Lair:5   | Found a staircase to the Swamp.
 18107 | Lair:5   | Noticed Kirke
 18113 | Lair:5   | Gained Borgoth as an ally
 18114 | Lair:5   | Killed Kirke
 18114 | Lair:5   | Reached XP level 13. HP: 114/117 MP: 15/15
 18671 | Lair:6   | Noticed Nessos
 18686 | Lair:6   | Your ally Learuk died
 18688 | Lair:6   | Killed Nessos
 18871 | Lair:6   | Reached skill level 12 in Fighting
 19086 | Lair:6   | Found a staircase to the Snake Pit.
 19548 | Swamp:1  | Entered Level 1 of the Swamp
 19554 | Swamp:1  | Reached ****** piety under Beogh
 19602 | Swamp:1  | HP: 4/118 [eight-headed hydra (6)]
 19606 | Swamp:1  | Beogh protects you from harm!
 19606 | Swamp:1  | HP: 1/118 [ten-headed hydra (8)]
 20095 | Swamp:1  | Your ally Thorok died
 20143 | Swamp:1  | Your ally Borgoth died
 21486 | Lair:7   | Learned a level 1 spell: Corona
 21776 | Lair:7   | Found a staircase to the Slime Pits.
 21776 | Lair:7   | Found a viscous altar of Jiyva.
 22197 | Lair:8   | Entered Level 8 of the Lair of Beasts
 22241 | Lair:8   | Reached XP level 14. HP: 116/127 MP: 20/20
 22305 | Lair:7   | Reached skill level 13 in Axes
 22828 | Lair:8   | Gained Warbeogh as an ally
 22837 | Lair:8   | Your ally Warbeogh died
 22876 | Lair:8   | HP: 3/127 [spiny frog (11)]
 22876 | Lair:8   | Slain by a hornet

Vault maps used:
D:1:      matt_arrival_diagonals
D:2:      wad_river_or_something, grunt_temple_overflow_forces_of_nature
D:3:      lemuel_upstairs_altar, lexackson_kobold_supper,
          uniq_crazy_yiuf_cottage, uniq_grinder
D:4:      overflow_temple_1_default, nicolae_overflow_hidden_temple,
          first_bread, uniq_sigmund
D:6:      uniq_duvessa, uniq_menkaure
D:7:      overflow_temple_1_default, minmay_temple_entry_purple_smoke
D:8:      minmay_overflow_temple_star_quad, hangedman_ranch, uniq_erolcha,
          uniq_grum, uniq_maurice
D:9:      serial_shops, nicolae_shop_stone
D:10:     lair_0_dummy, kennysheep_generic_room_7
D:11:     lemuel_slime
D:12:     evilmike_horseshoe
Lair:1:   bh_autumn_forest_stairs, uniq_nergalle, uniq_erica, uniq_gastronok
Lair:3:   infiniplex_staircase_pool
Lair:4:   serial_bayou_lagoon_b
Lair:5:   swamp_mist_pool, uniq_kirke
Lair:6:   minmay_snake_entry_guardpost_medium, cheibrodos_lair_reptile_den,
          serial_bayou_shore_a, uniq_nessos
Lair:7:   slime_altar_1, minivault_29, grunt_megastairs_2, lemuel_fruit_tree
Lair:8:   hangedman_lair_tendril_chambers, infiniplex_staircase_pool_2
Swamp:1:  nicolae_swamp_trees_clearing

Action                   |  1- 3 |  4- 6 |  7- 9 | 10-12 | 13-15 || total
-------------------------+-------+-------+-------+-------+-------++-------
Melee: Long sword        |   128 |   174 |   340 |       |       ||   642
       War axe           |       |       |   203 |   479 |   434 ||  1116
       Falchion          |       |       |       |    38 |    41 ||    79
 Fire: Hunting sling     |       |       |     4 |       |       ||     4
Throw: Throwing net      |       |       |     2 |       |       ||     2
 Cast: Recall            |       |       |       |     2 |       ||     2
Invok: Convert to Beogh  |       |     1 |       |       |       ||     1
       Smiting           |       |       |     1 |       |     2 ||     3
       Recall Orcish Fol |       |       |       |     4 |     4 ||     8
       Give Item to Name |       |       |       |     2 |     1 ||     3
Evoke: Wand              |       |       |       |       |     4 ||     4
  Use: Scroll            |     1 |     8 |     1 |    15 |    14 ||    39
       Potion            |       |     9 |     3 |     6 |     6 ||    24
 Stab: Distracted        |       |       |       |     1 |     1 ||     2
       Sleeping          |       |       |       |     1 |       ||     1
       Invisible         |       |       |       |       |     1 ||     1
  Eat: Chunk             |       |     6 |     6 |    19 |    10 ||    41
       Meat ration       |       |     1 |     1 |     1 |     1 ||     4
       Fruit             |       |       |     1 |     6 |     3 ||    10
       Bread ration      |       |       |     1 |       |       ||     1
       Beef jerky        |       |       |     1 |     3 |       ||     4
       Pizza             |       |       |       |     3 |       ||     3
